3L
SEATTLE ROCKETEERS @ CLEVELAND BROWNS
08/25/2039
 
TOP OF THE 1ST
Seattle Rocketeers batting - Pitching for Cleveland Browns : RHP Tim Walker
Pitching: RHP Tim Walker
Batting: SHB Glyn Bolasky 0-0: Ball
1-0: Foul Ball, location: 2F
1-1: Foul Ball, location: 2F
1-2: Fly out, F8 (Flyball, 8RM, EV 96.9 MPH)
Batting: LHB Murray Sperber 0-0: Ball
1-0: Swinging Strike
1-1: Ground out U3 (Groundball, 3, EV 84.4 MPH)
Batting: RHB Jurgen Flurgenburgen 0-0: Called Strike
0-1: Ball
1-1: Called Strike
1-2: Ball
2-2: Strikes out looking
Top of the 1st over - 0 runs, 0 hits, 0 errors, 0 left on base; Seattle 0 - Cleveland 0
BOTTOM OF THE 1ST
Cleveland Browns batting - Pitching for Seattle Rocketeers : LHP Dave O'Neil
Pitching: LHP Dave O'Neil
Batting: RHB Carlos Martínez 0-0: Ball
1-0: Ball
2-0: Called Strike
2-1: Ball
3-1: Foul Ball, location: 2F
3-2: Foul Ball, location: 2F
3-2: Fly out, F6 (Popup, 6, EV 53.8 MPH)
Batting: LHB Lauren Hilfiker 0-0: Foul Ball, location: 2F
0-1: Foul Ball, location: 2F
0-2: Strikes out looking
Batting: RHB Katsuhiko Ishihara 0-0: Fly out, F8 (Flyball, 89M, EV 95.6 MPH)
Bottom of the 1st over - 0 runs, 0 hits, 0 errors, 0 left on base; Seattle 0 - Cleveland 0
TOP OF THE 2ND
Seattle Rocketeers batting - Pitching for Cleveland Browns : RHP Tim Walker
Batting: RHB Meester Gobbles-Rooster 0-0: Ball
1-0: Called Strike
1-1: Foul Ball, location: 2F
1-2: Ball
2-2: Ground out 5-3 (Groundball, 5S, EV 79.4 MPH)
Batting: RHB Alain Grosjean 0-0: DOUBLE (Line Drive, 9LS, EV 101.9 MPH)
Batting: RHB Claudio Tappen 0-0: Ball
1-0: Ball
2-0: Ball
3-0: Base on Balls
Batting: RHB Bastiaan Pieterse 0-0: Foul Ball, location: 2F
0-1: Ball
1-1: Ball
2-1: Called Strike
2-2: Fly out, F8 (Flyball, 8LS, EV 90.6 MPH)
Batting: SHB Charles Geudre 0-0: Ball
1-0: Fly out, F5 (Flyball, 5D, EV 95.0 MPH)
Top of the 2nd over - 0 runs, 1 hit, 0 errors, 2 left on base; Seattle 0 - Cleveland 0
BOTTOM OF THE 2ND
Cleveland Browns batting - Pitching for Seattle Rocketeers : LHP Dave O'Neil
Batting: RHB Tom Camden 0-0: Fly out, F7 (Flyball, 7, EV 96.2 MPH)
Batting: LHB Sadatake Abe 0-0: Called Strike
0-1: Ball
1-1: Ground out 4-3 (Groundball, 4, EV 82.5 MPH)
Batting: RHB Jack Bonner 0-0: Foul Ball, location: 2F
0-1: DOUBLE (Line Drive, 9LS, EV 92.5 MPH)
Batting: LHB Surender Nada 0-0: Called Strike
0-1: Fly out, F9 (Flyball, 9D, EV 102.5 MPH)
Bottom of the 2nd over - 0 runs, 1 hit, 0 errors, 1 left on base; Seattle 0 - Cleveland 0
TOP OF THE 3RD
Seattle Rocketeers batting - Pitching for Cleveland Browns : RHP Tim Walker
Batting: SHB Lodd Felton 0-0: Ball
1-0: Bunt for hit to 3S - play at first, batter OUT! 3-4
Batting: SHB Glyn Bolasky 0-0: Ball
1-0: Called Strike
1-1: Called Strike
1-2: Ball
2-2: Strikes out swinging
Batting: LHB Murray Sperber 0-0: Ground out U3 (Groundball, 34S, EV 87.5 MPH)
Top of the 3rd over - 0 runs, 0 hits, 0 errors, 0 left on base; Seattle 0 - Cleveland 0
BOTTOM OF THE 3RD
Cleveland Browns batting - Pitching for Seattle Rocketeers : LHP Dave O'Neil
Batting: LHB León Castillo 0-0: Called Strike
0-1: Swinging Strike
0-2: Ball
1-2: SINGLE (Groundball, 3D, EV 107.5 MPH)
Batting: LHB Danny Rodríguez 0-0: Ball
1-0: Ball
2-0: Called Strike
2-1: Called Strike
2-2: Ball
3-2: SINGLE (Line Drive, 89S, EV 93.8 MPH)
León Castillo to second
Runner from 2nd tries for 3rd, SAFE, throw by CF made to third
Batting: RHB Carlos Martínez 0-0: Ball
1-0: Foul Ball, location: 2F
1-1: Ball
2-1: Foul Ball, location: 2F
2-2: Foul Ball, location: 2F
2-2: DOUBLE (Flyball, 8LXD, EV 110.0 MPH)
León Castillo scores
Danny Rodríguez to third
Batting: LHB Lauren Hilfiker 0-0: Ball
1-0: Fly out, F7 (Flyball, 7LS, EV 83.8 MPH)
Runner from 3rd tags up, SCORES, no throw by LF
Batting: RHB Katsuhiko Ishihara 0-0: Called Strike
0-1: Ball
1-1: Fly out, F8 (Flyball, 8RM, EV 96.9 MPH)
Batting: RHB Tom Camden 0-0: Called Strike
0-1: Fly out, F5 (Line Drive, 5, EV 70.6 MPH)
Bottom of the 3rd over - 2 runs, 3 hits, 0 errors, 1 left on base; Seattle 0 - Cleveland 2
TOP OF THE 4TH
Seattle Rocketeers batting - Pitching for Cleveland Browns : RHP Tim Walker
Batting: RHB Jurgen Flurgenburgen 0-0: Ball
1-0: Called Strike
1-1: Ball
2-1: Swinging Strike
2-2: Ball
3-2: Base on Balls
Batting: RHB Meester Gobbles-Rooster Pickoff Throw to First - Error! E1
Jurgen Flurgenburgen to second
0-0: Called Strike
Jurgen Flurgenburgen steals 3rd base
0-1: Fly out, F9 (Flyball, 9, EV 79.4 MPH)
Runner from 3rd tags up, SCORES, no throw by RF
Batting: RHB Alain Grosjean 0-0: Ball
1-0: Foul Ball, location: 2F
1-1: Ground out 4-3 (Groundball, 4M, EV 81.2 MPH)
Batting: RHB Claudio Tappen 0-0: Foul Ball, location: 2F
0-1: Ball
1-1: Swinging Strike
1-2: Strikes out looking
Top of the 4th over - 1 run, 0 hits, 1 error, 0 left on base; Seattle 1 - Cleveland 2
BOTTOM OF THE 4TH
Cleveland Browns batting - Pitching for Seattle Rocketeers : LHP Dave O'Neil
Batting: LHB Sadatake Abe 0-0: Ball
1-0: Ball
2-0: Called Strike
2-1: SOLO HOME RUN (Line Drive, 89XD, EV 103.1 MPH), Distance : 413 ft
Batting: RHB Jack Bonner 0-0: Ground out 5-3 (Groundball, 5, EV 88.1 MPH)
Batting: LHB Surender Nada 0-0: Ground out 5-3 (Groundball, 56, EV 92.5 MPH)
Batting: LHB León Castillo 0-0: Ball
1-0: Ball
2-0: SINGLE (Groundball, 3D, EV 105.6 MPH)
Batting: LHB Danny Rodríguez 0-0: Called Strike
León Castillo steals 2nd base
0-1: Swinging Strike
0-2: Ball
1-2: Strikes out swinging
Bottom of the 4th over - 1 run, 2 hits, 0 errors, 1 left on base; Seattle 1 - Cleveland 3
TOP OF THE 5TH
Seattle Rocketeers batting - Pitching for Cleveland Browns : RHP Tim Walker
Batting: RHB Bastiaan Pieterse 0-0: Ball
1-0: Swinging Strike
1-1: Swinging Strike
1-2: Strikes out swinging
Batting: SHB Charles Geudre 0-0: Ball
1-0: Foul Ball, location: 2F
1-1: Ball
2-1: Foul Ball, location: 2F
2-2: Fly out, F9 (Flyball, 9LD, EV 105.0 MPH)
Batting: SHB Lodd Felton 0-0: Swinging Strike
0-1: Swinging Strike
0-2: Ball
1-2: Ball
2-2: Strikes out looking
Top of the 5th over - 0 runs, 0 hits, 0 errors, 0 left on base; Seattle 1 - Cleveland 3
BOTTOM OF THE 5TH
Cleveland Browns batting - Pitching for Seattle Rocketeers : LHP Dave O'Neil
Batting: RHB Carlos Martínez 0-0: Ball
1-0: Foul Ball, location: 2F
1-1: Foul Ball, location: 2F
1-2: Ball
2-2: Strikes out looking
Batting: LHB Lauren Hilfiker 0-0: Called Strike
0-1: Ball
1-1: Ground out 4-3 (Groundball, 4, EV 80.6 MPH)
Batting: RHB Katsuhiko Ishihara 0-0: Ball
1-0: Swinging Strike
1-1: Foul Ball, location: 2F
1-2: Foul Ball, location: 2F
1-2: Ball
2-2: Strikes out swinging
Bottom of the 5th over - 0 runs, 0 hits, 0 errors, 0 left on base; Seattle 1 - Cleveland 3
TOP OF THE 6TH
Seattle Rocketeers batting - Pitching for Cleveland Browns : RHP Tim Walker
Batting: SHB Glyn Bolasky 0-0: Called Strike
0-1: Ball
1-1: Swinging Strike
1-2: Strikes out swinging
Batting: LHB Murray Sperber 0-0: Swinging Strike
0-1: Called Strike
0-2: Foul Ball, location: 2F
0-2: Fly out, F5 (Popup, 56, EV 69.4 MPH)
Batting: RHB Jurgen Flurgenburgen 0-0: Ball
1-0: Ball
2-0: Called Strike
2-1: Ball
3-1: Swinging Strike
3-2: Foul Ball, location: 2F
3-2: Fly out, F8 (Flyball, 8RD, EV 101.2 MPH)
Top of the 6th over - 0 runs, 0 hits, 0 errors, 0 left on base; Seattle 1 - Cleveland 3
BOTTOM OF THE 6TH
Cleveland Browns batting - Pitching for Seattle Rocketeers : LHP Dave O'Neil
Batting: RHB Tom Camden 0-0: Ball
1-0: Foul Ball, location: 2F
1-1: SOLO HOME RUN (Flyball, 78XD, EV 100.0 MPH), Distance : 411 ft
Batting: LHB Sadatake Abe 0-0: SINGLE (Flyball, 7LM, EV 84.4 MPH)
Batting: RHB Jack Bonner 0-0: Ball
1-0: Fly out, F8 (Flyball, 8LD, EV 91.2 MPH)
Batting: LHB Surender Nada 0-0: Called Strike
0-1: Foul Ball, location: 2F
0-2: Strikes out looking
Batting: LHB León Castillo 0-0: Called Strike
0-1: Called Strike
0-2: Ball
1-2: Foul Ball, location: 2F
1-2: Ball
2-2: DOUBLE (Line Drive, 78XD, EV 102.5 MPH)
Sadatake Abe to third
Runner from 3rd tries for Home, SAFE, no throw by LF
Pitching: RHP Alexander Goodpasture
Batting: LHB Danny Rodríguez 0-0: Ball
1-0: Called Strike
1-1: Ball
2-1: TRIPLE (Line Drive, 7LD, EV 101.2 MPH)
León Castillo scores
Batting: RHB Carlos Martínez 0-0: Swinging Strike
0-1: Swinging Strike
0-2: Foul Ball, location: 2F
0-2: Ground out 5-3 (Groundball, 56, EV 103.1 MPH)
Bottom of the 6th over - 3 runs, 4 hits, 0 errors, 1 left on base; Seattle 1 - Cleveland 6
TOP OF THE 7TH
Seattle Rocketeers batting - Pitching for Cleveland Browns : RHP Tim Walker
Batting: RHB Meester Gobbles-Rooster 0-0: Swinging Strike
0-1: SINGLE (Flyball, 89M, EV 88.1 MPH)
Batting: RHB Alain Grosjean 0-0: Ball
1-0: Ball
2-0: Swinging Strike
2-1: Ball
3-1: Swinging Strike
3-2: Strikes out swinging
Batting: RHB Claudio Tappen 0-0: Swinging Strike
Meester Gobbles-Rooster steals 2nd base
0-1: SINGLE (Flyball, 9S, EV 91.9 MPH)
Meester Gobbles-Rooster to third
Runner from 3rd tries for Home, SAFE, throw by RF to home
Pitching: RHP Bob Shepard
Batting: RHB Bastiaan Pieterse 0-0: Ball
1-0: Swinging Strike
1-1: Ball
2-1: Ball
3-1: Called Strike
3-2: Foul Ball, location: 2F
3-2: Strikes out swinging
Batting: SHB Charles Geudre 0-0: Ball
1-0: Ball
2-0: Fly out, F9 (Flyball, 9LS, EV 86.2 MPH)
Top of the 7th over - 1 run, 2 hits, 0 errors, 1 left on base; Seattle 2 - Cleveland 6
BOTTOM OF THE 7TH
Cleveland Browns batting - Pitching for Seattle Rocketeers : RHP Alexander Goodpasture
Batting: LHB Lauren Hilfiker 0-0: Ball
1-0: Fly out, F4 (Popup, 13, EV 83.8 MPH)
Batting: RHB Katsuhiko Ishihara 0-0: Ball
1-0: Called Strike
1-1: Called Strike
1-2: Foul Ball, location: 2F
1-2: Ball
2-2: Foul Ball, location: 2F
2-2: Fly out, F8 (Flyball, 89XD, EV 103.8 MPH)
Batting: RHB Tom Camden 0-0: Foul Ball, location: 2F
0-1: Ground out 5-3 (Groundball, 5S, EV 63.8 MPH)
Bottom of the 7th over - 0 runs, 0 hits, 0 errors, 0 left on base; Seattle 2 - Cleveland 6
TOP OF THE 8TH
Seattle Rocketeers batting - Pitching for Cleveland Browns : RHP Bob Shepard
Batting: SHB Lodd Felton 0-0: Ball
1-0: Foul Ball, location: 2F
1-1: Swinging Strike
1-2: Fly out, F7 (Flyball, 7LSF, EV 94.4 MPH)
Batting: SHB Glyn Bolasky 0-0: Foul Ball, location: 2F
0-1: Foul Ball, location: 2F
0-2: Ball
1-2: Foul Ball, location: 2F
1-2: SINGLE (Line Drive, 78S, EV 106.2 MPH)
Batting: LHB Murray Sperber 0-0: Swinging Strike
0-1: Ball
1-1: Fly out, F4 (Popup, 34, EV 65.0 MPH)
Batting: RHB Jurgen Flurgenburgen 0-0: Fly out, F9 (Flyball, 9LM, EV 86.9 MPH)
Top of the 8th over - 0 runs, 1 hit, 0 errors, 1 left on base; Seattle 2 - Cleveland 6
BOTTOM OF THE 8TH
Cleveland Browns batting - Pitching for Seattle Rocketeers : RHP Alexander Goodpasture
Batting: LHB Sadatake Abe 0-0: Called Strike
0-1: Ball
1-1: Ball
2-1: Ball
3-1: Called Strike
3-2: Base on Balls
Batting: RHB Jack Bonner 0-0: Called Strike
0-1: Foul Ball, location: 2F
0-2: Strikes out swinging
Batting: LHB Surender Nada 0-0: Called Strike
0-1: Ball
1-1: Ball
2-1: Swinging Strike
2-2: Strikes out swinging
Batting: LHB León Castillo 0-0: Ball
1-0: Called Strike
1-1: Foul Ball, location: 2F
1-2: Strikes out swinging
Bottom of the 8th over - 0 runs, 0 hits, 0 errors, 1 left on base; Seattle 2 - Cleveland 6
TOP OF THE 9TH
Seattle Rocketeers batting - Pitching for Cleveland Browns : RHP Bob Shepard
Batting: RHB Meester Gobbles-Rooster 0-0: Called Strike
0-1: Ground out 6-3 (Groundball, 4MS, EV 68.1 MPH)
Batting: RHB Alain Grosjean 0-0: Ball
1-0: SINGLE (Line Drive, 7S, EV 95.0 MPH)
Batting: RHB Claudio Tappen 0-0: Ball
1-0: Foul Ball, location: 2F
1-1: Grounds into double play, 5-4-3 (Groundball, 5S, EV 85.6 MPH)
Top of the 9th over - 0 runs, 1 hit, 0 errors, 0 left on base; Seattle 2 - Cleveland 6
Wednesday, July 8th, 2020 - OOTP Baseball 20.8 Build 74